[Event "Bundesliga"]
[Site "Muenchen/Germany"]
[Date "2010.02.06"]
[Round "8.6"]
[White "Belezky"]
[Black "Mueller"]
[Result "1-0"]
[ECO "A07"]
[WhiteElo "2463"]
[BlackElo "2523"]
[Annotator "Robot 4"]
[PlyCount "89"]
[EventDate "2010.??.??"]
[WhiteTeam "BAY"]
[BlackTeam "HSK"]
[TimeControl "40/6000+30:20/3000+30:900+30"]

1. Nf3 d5 2. g3 c6 3. Bg2 Bg4 4. b3 Nd7 5. Bb2 Ngf6 6. d3 Qc7 7. c4 dxc4 8.
bxc4 e5 9. Qc2 Bd6 10. Nbd2 O-O 11. h3 Bh5 12. g4 Bg6 13. Nh4 Rfe8 14. Nxg6
hxg6 15. Bf3 Nc5 16. h4 Bf8 17. g5 Nh5 18. Ne4 Nxe4 19. Bxe4 Bb4+ 20. Kf1 Nf4
21. Rb1 Bc5 22. Bc3 Rad8 23. e3 Nh5 24. Qe2 Re7 25. Rb3 Qd6 26. Rg1 Rf8 27. Bf3
Rd8 28. Be1 Qe6 29. Bg4 Qd6 30. Bxh5 gxh5 31. Qxh5 Re6 32. Qg4 b6 33. Qe4 Qd7
34. Ke2 Rd6 35. h5 Qh3 36. Rh1 Qe6 37. h6 Rd4 38. exd4 Rxd4 39. Qf3 e4 40. dxe4
Qxc4+ 41. Rd3 Rxe4+ 42. Kf1 Be7 43. Bd2 f5 44. gxf6 Bxf6 45. Rh3 1-0

[Event "Bundesliga"]
[Site "Muenchen/Germany"]
[Date "2010.02.06"]
[Round "8.7"]
[White "Heinemann"]
[Black "Meissner"]
[Result "1/2-1/2"]
[ECO "C47"]
[WhiteElo "2484"]
[BlackElo "2410"]
[Annotator "Robot 4"]
[PlyCount "92"]
[EventDate "2010.??.??"]
[WhiteTeam "HSK"]
[BlackTeam "BAY"]
[TimeControl "40/6000+30:20/3000+30:900+30"]

1. e4 e5 2. Nf3 Nf6 3. Nc3 Nc6 4. d4 exd4 5. Nxd4 Bb4 6. Nxc6 bxc6 7. Bd3 d5 8.
exd5 cxd5 9. O-O O-O 10. Bg5 c6 11. Qf3 Rb8 12. h3 Bd6 13. Rab1 Re8 14. b3 Be5
15. Bf4 Qd6 16. Ne2 c5 17. Bxe5 Qxe5 18. Qf4 Rb6 19. Rfe1 Kf8 20. Qxe5 Rxe5 21.
Rbd1 g6 22. Kf1 Bb7 23. h4 Rbe6 24. c3 Ng4 25. Rb1 Rf6 26. f3 c4 27. bxc4 dxc4
28. Bxc4 Bxf3 29. gxf3 Ne3+ 30. Kf2 Nxc4 31. Nd4 Ra5 32. Re2 Nb6 33. Rb5 Rxb5
34. Nxb5 a6 35. Nd4 Na4 36. Rc2 Rd6 37. Ke3 Ke8 38. c4 Kd7 39. Rg2 Nc5 40. Rg5
Ne6 41. Nxe6 Rxe6+ 42. Kd3 Rd6+ 43. Ke3 h6 44. Ra5 Re6+ 45. Kd4 Rf6 46. Ke4
Re6+ 1/2-1/2

[Event "Bundesliga"]
[Site "Muenchen/Germany"]
[Date "2010.02.06"]
[Round "8.8"]
[White "Jorczik"]
[Black "Sebastian"]
[Result "0-1"]
[ECO "A42"]
[WhiteElo "2374"]
[BlackElo "2443"]
[Annotator "Robot 4"]
[PlyCount "58"]
[EventDate "2010.??.??"]
[WhiteTeam "BAY"]
[BlackTeam "HSK"]
[TimeControl "40/6000+30:20/3000+30:900+30"]

1. d4 g6 2. c4 Bg7 3. Nf3 d6 4. Nc3 Nd7 5. e4 e5 6. Be2 Ne7 7. O-O O-O 8. Be3
exd4 9. Nxd4 Nc6 10. Qd2 Nc5 11. Rad1 Bd7 12. Ndb5 b6 13. f4 a6 14. Nd4 Nxd4
15. Bxd4 Bc6 16. Bf3 Bxd4+ 17. Qxd4 f6 18. Nd5 Ne6 19. Qe3 Bxd5 20. cxd5 Ng7
21. e5 Nf5 22. Qb3 fxe5 23. fxe5 Qg5 24. Be4 Ne3 25. Rxf8+ Rxf8 26. Re1 Ng4 27.
e6 Qd2 28. Qd1 Qf2+ 29. Kh1 Qh4 0-1

[Event "Bundesliga"]
[Site "Berlin/Germany"]
[Date "2010.02.06"]
[Round "8.2"]
[White "Lauber"]
[Black "Movsesian"]
[Result "0-1"]
[ECO "E13"]
[WhiteElo "2517"]
[BlackElo "2711"]
[Annotator "Robot 4"]
[PlyCount "94"]
[EventDate "2010.??.??"]
[WhiteTeam "SFB"]
[BlackTeam "BAD"]
[TimeControl "40/6000+30:20/3000+30:900+30"]

1. d4 Nf6 2. c4 e6 3. Nc3 Bb4 4. Nf3 b6 5. Bg5 Bb7 6. Qc2 h6 7. Bh4 g5 8. Bg3
Ne4 9. e3 f5 10. Bd3 Bxc3+ 11. bxc3 d6 12. d5 exd5 13. cxd5 Bxd5 14. Nd4 Qf6
15. f3 Nxg3 16. hxg3 Nd7 17. Bxf5 O-O-O 18. O-O-O Bb7 19. g4 Kb8 20. Bxd7 Rxd7
21. Nf5 Rdh7 22. Rh5 Bc6 23. Rdh1 Be8 24. R5h3 h5 25. gxh5 Rxh5 26. Rxh5 Rxh5
27. Rxh5 Bxh5 28. g4 Bf7 29. Qd2 Qe6 30. Kb1 Qc4 31. Ng3 a5 32. Ne2 a4 33. Nc1
Qb5+ 34. Qb2 Bg6+ 35. e4 Qe5 36. Nd3 Qf6 37. Ne1 d5 38. c4 Qxb2+ 39. Kxb2 dxe4
40. Ka3 c5 41. Kxa4 Kc7 42. Kb5 Be8+ 43. Ka6 e3 44. Nd3 e2 45. Ne1 Bc6 46. a3
Be8 47. Ng2 Bd7 0-1

[Event "Bundesliga"]
[Site "Berlin/Germany"]
[Date "2010.02.06"]
[Round "8.1"]
[White "Bacrot"]
[Black "Markos"]
[Result "1-0"]
[ECO "E17"]
[WhiteElo "2709"]
[BlackElo "2565"]
[Annotator "Robot 4"]
[PlyCount "89"]
[EventDate "2010.??.??"]
[WhiteTeam "BAD"]
[BlackTeam "SFB"]
[TimeControl "40/6000+30:20/3000+30:900+30"]

1. d4 Nf6 2. c4 e6 3. Nf3 b6 4. g3 Bb7 5. Bg2 Be7 6. O-O O-O 7. Re1 c5 8. d5
exd5 9. Nh4 Ne4 10. cxd5 Bxh4 11. Bxe4 Bf6 12. Qc2 g6 13. Bf4 d6 14. Nd2 Bg5
15. Bxg5 Qxg5 16. Bg2 Nd7 17. e4 b5 18. f4 Qf6 19. Qc3 Qxc3 20. bxc3 Nb6 21.
Rab1 a6 22. c4 b4 23. e5 Bc8 24. exd6 Bf5 25. Be4 Rfd8 26. Bxf5 gxf5 27. Re5
Nc8 28. Rxf5 Nxd6 29. Re5 a5 30. Kf2 a4 31. Ke3 Rdc8 32. g4 f6 33. Re6 f5 34.
gxf5 Nxf5+ 35. Ke4 Nd4 36. f5 Rf8 37. Rf1 b3 38. a3 Nxe6 39. dxe6 Rfd8 40. Nf3
b2 41. Rg1+ Kf8 42. f6 Rdb8 43. Nd2 Re8 44. Ke5 Ra7 45. Ne4 1-0

[Event "Bundesliga"]
[Site "Berlin/Germany"]
[Date "2010.02.06"]
[Round "8.4"]
[White "Krämer"]
[Black "Naiditsch"]
[Result "0-1"]
[ECO "E01"]
[WhiteElo "2482"]
[BlackElo "2685"]
[Annotator "Robot 4"]
[PlyCount "104"]
[EventDate "2010.??.??"]
[WhiteTeam "SFB"]
[BlackTeam "BAD"]
[TimeControl "40/6000+30:20/3000+30:900+30"]

1. d4 Nf6 2. c4 e6 3. g3 c5 4. Nf3 cxd4 5. Nxd4 d5 6. Bg2 e5 7. Nf3 d4 8. O-O
Nc6 9. e3 Be7 10. exd4 exd4 11. Bf4 O-O 12. Ne5 Qb6 13. Qb3 Na5 14. Qxb6 axb6
15. Nd2 Nh5 16. Nb3 Nxf4 17. gxf4 Rd8 18. Bd5 Bh3 19. Rfd1 Nxb3 20. axb3 Rxa1
21. Rxa1 Kf8 22. Rd1 f6 23. Nd3 Rd7 24. f3 Bd6 25. Kf2 g5 26. Kg3 Bf5 27. Be4
Bg6 28. Kg2 gxf4 29. Nf2 Bb8 30. Kf1 Kg7 31. Ra1 Kh6 32. Ra8 Bd6 33. Nd3 Bxe4
34. fxe4 f3 35. Kf2 Bxh2 36. Ra1 Rg7 37. Rh1 Rg2+ 38. Kxf3 Rg3+ 39. Ke2 Re3+
40. Kd2 Rh3 41. Kc2 Rh5 42. Ra1 Rg5 43. Ra7 Rg7 44. b4 Kg6 45. c5 b5 46. Kd2 h5
47. Ke2 h4 48. Nf2 Bg3 49. Nh3 Be5 50. Ra8 Kh7 51. Rd8 Rg3 52. Nf2 h3 0-1

[Event "Bundesliga"]
[Site "Berlin/Germany"]
[Date "2010.02.06"]
[Round "8.5"]
[White "Nisipeanu"]
[Black "Schneider"]
[Result "1-0"]
[ECO "B45"]
[WhiteElo "2664"]
[BlackElo "2500"]
[Annotator "Robot 4"]
[PlyCount "51"]
[EventDate "2010.??.??"]
[WhiteTeam "BAD"]
[BlackTeam "SFB"]
[TimeControl "40/6000+30:20/3000+30:900+30"]

1. e4 c5 2. Nf3 e6 3. d4 cxd4 4. Nxd4 Nf6 5. Nc3 Nc6 6. Be2 Nb8 7. Bf1 Nc6 8.
Be2 Bb4 9. O-O Bxc3 10. bxc3 Nxe4 11. Qd3 d5 12. Ba3 Qa5 13. Nb5 a6 14. Nd6+
Nxd6 15. Bxd6 Qd8 16. Qg3 Ne7 17. Bd3 Ng6 18. Rfe1 Bd7 19. c4 dxc4 20. Be4 Bc6
21. Bxc6+ bxc6 22. Rad1 Ra7 23. Bc5 Rd7 24. Rb1 Qh4 25. Rb8+ Rd8 26. Rd1 1-0

[Event "Bundesliga"]
[Site "Berlin/Germany"]
[Date "2010.02.06"]
[Round "8.6"]
[White "Berndt"]
[Black "Caruana"]
[Result "0-1"]
[ECO "B42"]
[WhiteElo "2442"]
[BlackElo "2662"]
[Annotator "Robot 4"]
[PlyCount "63"]
[EventDate "2010.??.??"]
[WhiteTeam "SFB"]
[BlackTeam "BAD"]
[TimeControl "40/6000+30:20/3000+30:900+30"]

1. e4 c5 2. Nf3 e6 3. d4 cxd4 4. Nxd4 a6 5. Bd3 Bc5 6. Nb3 Be7 7. O-O d6 8. Qg4
g6 9. Qe2 Nd7 10. Na3 Ne5 11. f4 Nxd3 12. cxd3 Nf6 13. Nc4 d5 14. Ne5 O-O 15.
Bd2 a5 16. Bc3 a4 17. Nd4 Bc5 18. Kh1 Bxd4 19. Bxd4 dxe4 20. Qf2 exd3 21. Rad1
Bd7 22. Nxd7 Nxd7 23. Rxd3 Qe7 24. Rfd1 Rad8 25. Qe3 b6 26. Qd2 Rc8 27. Bc3 Nc5
28. Rd4 Rfe8 29. Qe3 Rcd8 30. Qe5 f6 31. Qe3 Rxd4 32. Qxd4 0-1

[Event "Bundesliga"]
[Site "Berlin/Germany"]
[Date "2010.02.06"]
[Round "8.7"]
[White "Gustafsson"]
[Black "Agopov"]
[Result "1-0"]
[ECO "D98"]
[WhiteElo "2622"]
[BlackElo "2452"]
[Annotator "Robot 4"]
[PlyCount "49"]
[EventDate "2010.??.??"]
[WhiteTeam "BAD"]
[BlackTeam "SFB"]
[TimeControl "40/6000+30:20/3000+30:900+30"]

1. d4 Nf6 2. c4 g6 3. Nc3 d5 4. Nf3 Bg7 5. Qb3 dxc4 6. Qxc4 O-O 7. e4 Nc6 8.
Be2 Bg4 9. d5 Na5 10. Qa4 Bxf3 11. Bxf3 c6 12. O-O b5 13. Qd1 cxd5 14. e5 Nd7
15. Qxd5 Rb8 16. e6 Ne5 17. exf7+ Nxf7 18. Bf4 Qxd5 19. Bxd5 Rbc8 20. Rad1 Bxc3
21. bxc3 Nc4 22. Rfe1 Rfe8 23. Be6 Rc5 24. h4 Kf8 25. Rd3 1-0